[Event "1st South American-ch 2023"]
[Site "Lima"]
[Date "2023.09.17"]
[Round "4.1"]
[White "Cori, Jorge"]
[Black "Perez Gormaz, Matias"]
[Result "1-0"]
[Annotator "TA"]
[ECO "B15"]
[WhiteElo "2627"]
[BlackElo "2391"]
[PlyCount "54"]
[EventDate "2023.09.17"]
[EventType "swiss"]
[EventCountry "PER"]
[SourceTitle "playchess.com"]
[Source "ChessBase"]
[SourceQuality "1"]
[TimeControl "5400+30"]

1. e4 c6 2. d4 d5 3. Nc3 dxe4 4. Nxe4 Nf6 5. Nxf6+ exf6 6. c3 Bd6 7. Bd3 O-O 8. Ne2 Re8 9. Be3 {[%emt 0:01:53] B15: Caro-Kann: 3 Nc3: 3...g6 and 3...dxe4 4 Nxe4 Nf6 5 Nxf6+ exf6.} Nd7 10. O-O Qc7 11. Ng3 {[%emt 0:00:19] [#] The position is equal.} g6 $146 ({Predecessor:} 11... Nf8 12. Qd2 h5 13. f4 h4 14. Ne4 h3 15. Rae1 Be6 16. Qf2 f5 17. Ng5 hxg2 18. Qxg2 {1-0 Priasmoro,N (2501)-Jumabayev,R (2628) Titled Tuesday intern op 31st May Early blitz 2022 (6)}) 12. Re1 Nf8 (12... f5 $5 13. Bh6 Rxe1+ 14. Qxe1 Nf6 $11) 13. Ne4 Be7 ({Not} 13... Bxh2+ 14. Kh1 Rxe4 15. Bxe4 $16) 14. Bh6 {[%emt 0:00:07][%cal Oe4f6] [#] Nxf6+! would be deadly.} Ne6 (14... Bd7 {with more complications.} 15. a4 f5 16. Ng5 Bd6) 15. Bc4 Bd7 16. a4 (16. g4 {keeps more tension.} Ng7 17. Qf3 f5 18. Bxg7 Kxg7 19. gxf5 Bxf5 20. Ng3) 16... Rad8 17. b4 (17. g4 {is interesting.} Ng7 18. Qf3 f5 19. Bg5) 17... b6 (17... a5 $11) 18. Qb3 {[%emt 0:00:43] White is much more active.} (18. g4 {looks sharper.} Ng7 19. Qf3 f5 20. Bxg7 Kxg7 21. gxf5 Bxf5 22. Ng3) 18... Bc8 19. Re2 (19. b5 $5 ) 19... f5 20. Nd2 Bd6 21. Nf3 a6 22. Rae1 {[%emt 0:02:07] Ng5 is the strong threat.} (22. b5 {keeps more tension.} axb5 23. axb5 Bd7 24. bxc6 Bxc6 25. Bxe6 Rxe6 26. Rxe6 fxe6 27. Qxe6+ Qf7 28. Qxf7+ Kxf7 29. Ng5+) 22... b5 23. axb5 axb5 24. Bd3 Ng7 25. Re3 Re6 26. Rxe6 Re8 $2 {[%mdl 8192] [#]} (26... Bxe6 $11 27. c4 Bf8) 27. Rxe8+ Nxe8 {[%emt 0:01:05] Weighted Error Value: White=0.14 (very precise) /Black=0.46} 1-0

[Event "1st South American-ch 2023"]
[Site "Lima"]
[Date "2023.09.17"]
[Round "4.2"]
[White "Terry, Renato"]
[Black "Leiva, Gianmarco"]
[Result "1/2-1/2"]
[Annotator "TA"]
[ECO "D02"]
[WhiteElo "2520"]
[BlackElo "2393"]
[PlyCount "29"]
[EventDate "2023.09.17"]
[EventType "swiss"]
[EventCountry "PER"]
[SourceTitle "playchess.com"]
[Source "ChessBase"]
[SourceQuality "1"]
[TimeControl "5400+30"]

1. d4 e6 2. Nf3 c5 3. g3 cxd4 4. Nxd4 d5 5. Bg2 Nf6 6. O-O e5 7. Nb3 h6 {[%emt 0:03:07] [#] D02: 1 d4 d5 2 Nf3 sidelines, including 2...Nf6 3 g3 and 2...Nf6 3 Bf4.} (7... Be6 $11) 8. c4 $1 {[%emt 0:01:12] [#]} {Predecessor:} d4 $146 9. e3 d3 10. Nc3 Nc6 11. Nd5 Bf5 12. e4 Nxe4 13. Qxd3 Nd6 14. Qe2 Be6 15. Rd1 {1-0 Repka,C (2488)-Fedoseev,V (2678) US Collegiate Blitz 2020 (6)} 1/2-1/2

[Event "1st South American-ch 2023"]
[Site "Lima"]
[Date "2023.09.17"]
[Round "4.3"]
[White "Flores Quillas, Diego Saul Rodri"]
[Black "Cruz, Cristhian"]
[Result "1/2-1/2"]
[Annotator "TA"]
[ECO "C67"]
[WhiteElo "2357"]
[BlackElo "2495"]
[PlyCount "45"]
[EventDate "2023.09.17"]
[EventType "swiss"]
[EventCountry "PER"]
[SourceTitle "playchess.com"]
[Source "ChessBase"]
[SourceQuality "1"]
[TimeControl "5400+30"]

1. e4 e5 2. Nf3 Nc6 3. Bb5 Nf6 4. O-O Nxe4 5. d4 Nd6 6. dxe5 Nxb5 7. a4 Nbd4 8. Nxd4 Nxd4 9. Qxd4 d5 10. exd6 Qxd6 11. Qe4+ Qe6 12. Qd4 Qd6 13. Qe4+ Qe6 14. Qd4 Qd6 {[%emt 0:01:48] [#]} {Predecessor:} 15. Qe3+ $146 {C67: Ruy Lopez: Berlin Defence: 4 0-0 Nxe4.} Be6 16. Nc3 a6 17. Rd1 Qc6 18. Rd3 Be7 19. Ne2 Bf6 20. Nd4 Bxd4 21. Qxd4 f6 22. Bf4 O-O 23. Rc3 {½-½ Li,C (2658)-Wang,Y (2674) CHN-chT DivA 2023 (2.4)} 1/2-1/2

[Event "1st South American-ch 2023"]
[Site "Lima"]
[Date "2023.09.17"]
[Round "4.4"]
[White "Vera Siguenas, Deivy"]
[Black "Vivas Zamora, Fabian Ernesto"]
[Result "1-0"]
[Annotator "TA"]
[ECO "D80"]
[WhiteElo "2463"]
[BlackElo "2346"]
[PlyCount "97"]
[EventDate "2023.09.17"]
[EventType "swiss"]
[EventCountry "PER"]
[SourceTitle "playchess.com"]
[Source "ChessBase"]
[SourceQuality "1"]
[TimeControl "5400+30"]

1. d4 Nf6 2. c4 g6 3. Nc3 d5 4. Bg5 Bg7 5. Bxf6 Bxf6 6. cxd5 c6 7. e4 {[%emt 0:00:27][%cal Be2e4,Be4e5][%mdl 32] D80: Grünfeld: Unusual White 4th moves and 4 Bg5.} O-O 8. h4 (8. e5 $5 Bg7 9. Bc4 $11) 8... cxd5 9. e5 {[%emt 0:04:48] The position is equal.} Bg7 {[%emt 0:00:00] [#]} 10. Bd3 $146 (10. h5 $1 $11 {might be stronger.}) ({Predecessor:} 10. h5 Nc6 11. h6 Bh8 12. Qd2 f6 13. f4 Bf5 14. Nf3 Rc8 15. Be2 e6 16. Nh4 fxe5 17. fxe5 {0-1 Sammalvuo,T (2436)-Kantans,T (2541) LTU-ch rapid op 2017 (11)}) 10... Nc6 $15 11. Nge2 Qb6 ({Black should try} 11... f6 $15 12. exf6 Bxf6) 12. Qa4 (12. Qd2 $14 {keeps the upper hand.}) 12... Qb4 (12... Qxb2 $2 13. Rb1 $18) (12... Bd7 $17 {[%cal Oc6e5] ...Nxe5! would be deadly.} 13. Bb5 e6) 13. Bb5 {[%emt 0:09:34] [#]} Nxd4 14. Nxd4 Qxb2 15. O-O $1 Qxc3 16. Rac1 Qd2 17. Nf3 Qh6 {[%emt 0:00:00] Threatening ...Bf5.} 18. Rc7 Bf5 19. Rxe7 Be4 20. Be2 Rac8 (20... Qf4 $5) 21. Qd7 Rc1 $2 (21... Bxf3 $11 {and Black is okay.} 22. Bxf3 Rcd8 23. Qxb7 Qxh4) 22. Ng5 $18 Rxf1+ (22... Bxg2 23. Kxg2 Rxf1 24. Kxf1 Qxh4) 23. Bxf1 Bf5 24. Qxb7 Be6 25. f4 $2 (25. Nxe6 fxe6 26. g3 (26. Rxe6 Qd2 $17) (26. Qxa7 Bxe5 27. Rxe6 Qf4 $11) 26... Bxe5 $16) (25. Qxa7 $6 Bxe5 26. Qe3 (26. Nxe6 fxe6 27. Rxe6 Qf4 $11) 26... Bf6 27. Rxe6 fxe6 $16) (25. Qc7 $18) 25... Qxh4 $11 26. Nxe6 (26. Qxa7 $2 Bh6 27. Qe3 Bxg5 28. fxg5 d4 $19) 26... Bxe5 $2 {[%emt 0:00:08][%mdl 8192] [#] Black is on the road to losing.} 27. Rxf7 $3 $18 {[%emt 0:03:53][%csl Ge6][%cal Rf7f8][%mdl 576] Deflection, Back Rank} Bd4+ 28. Nxd4 Rxf7 29. Qa8+ (29. Qxd5 Qxf4 30. Bc4 Qf2+ 31. Kh2 (31. Kh1 Qh4+ 32. Kg1 Qf2+ 33. Kh2 Qh4+ 34. Kg1 Qf2+ $11) 31... Qh4+ 32. Kg1 Qf2+ 33. Kh2 (33. Kh1 Qh4+ 34. Kg1 Qf2+ $11) 33... Qh4+ 34. Kg1 Qf2+ $11) 29... Kg7 30. Ne6+ Kh6 31. Qxd5 Qg3 32. Qc5 a5 33. a4 {[%emt 0:00:20] Hoping for Qe5.} (33. Qxa5 $2 Qe3+ 34. Kh2 Rf5 $19) 33... Qg4 (33... Rxf4 $142 34. Nxf4 (34. Qxa5 $2 Qe3+ 35. Kh2 Rh4#) 34... Qxf4) 34. Qe3 {[%emt 0:01:59] White threatens Be2 and mate.} Rf6 35. f5+ g5 36. Bd3 {[%emt 0:00:10] Strongly threatening Qa7.} ({Less strong is} 36. Nd4 Rd6 37. Nb5 Rc6 $18) 36... Rf7 {[%emt 0:00:27] Dodges Qa7} 37. Nd4 $2 (37. Bc2 $18 Qh4 38. Qe5) 37... Qf4 $2 (37... Re7 $11 38. Ne6 (38. Qxe7 Qxd4+ 39. Kh2 Qh4+ 40. Kg1 Qd4+ 41. Kh2 Qh4+ 42. Kg1 Qd4+ $11) 38... Rf7) 38. Qxf4 gxf4 39. Ne6 Rd7 40. Be4 ({Weaker is} 40. Nxf4 Kg5 $18) 40... Kh5 41. Nxf4+ Kg4 42. Nd5 {[%emt 0:00:06] White wants to mate with Nf6+.} Kg3 43. f6 h5 44. Kf1 {[%emt 0:00:11] Threatens to win with Ne7.} Rb7 45. Ke2 h4 46. Ke3 {[%emt 0:00:43] aiming for Ne7.} Rb2 47. f7 {[%emt 0:00:39] White mates.} Rb8 48. Nf6 Rf8 49. Bd5 {[%emt 0:00:05] A fantastic game!   Weighted Error Value: White=0.84/Black=0.66} 1-0

[Event "1st South American-ch 2023"]
[Site "Lima"]
[Date "2023.09.17"]
[Round "4.5"]
[White "Tomiello, Lucas Costamilan"]
[Black "Barrientos, Sergio E"]
[Result "1-0"]
[Annotator "RC"]
[ECO "B41"]
[WhiteElo "2253"]
[BlackElo "2457"]
[PlyCount "63"]
[EventDate "2023.09.17"]
[EventType "swiss"]
[EventCountry "PER"]
[SourceTitle "playchess.com"]
[Source "ChessBase"]
[SourceQuality "1"]
[TimeControl "5400+30"]

1. e4 c5 2. Nf3 e6 3. d4 cxd4 4. Nxd4 a6 5. c4 Nf6 6. Nc3 Bb4 7. e5 Ne4 8. Qd3 d5 9. exd6 Nxc3 10. bxc3 Bxd6 11. Be3 O-O 12. Rd1 Bc7 13. Qc2 Qe7 14. Bd3 f5 15. O-O Nd7 16. Rfe1 Nc5 17. f4 Bd7 18. Qf2 Nxd3 19. Rxd3 Rac8 20. Qf3 e5 21. Qd5+ Rf7 22. fxe5 Qxe5 23. Nf3 Qxd5 24. cxd5 Bb5 25. Rdd1 Ba5 26. Ne5 Re7 27. Bd4 Rd8 28. a4 Be8 29. Nc4 Rxe1+ 30. Rxe1 Bc7 31. d6 Bb8 32. Bb6 1-0

[Event "1st South American-ch 2023"]
[Site "Lima"]
[Date "2023.09.17"]
[Round "4.6"]
[White "Fernandez, Fernando"]
[Black "Zambrana, Osvaldo"]
[Result "0-1"]
[Annotator "RC"]
[ECO "B40"]
[WhiteElo "2418"]
[BlackElo "2380"]
[PlyCount "46"]
[EventDate "2023.09.17"]
[EventType "swiss"]
[EventCountry "PER"]
[SourceTitle "playchess.com"]
[Source "ChessBase"]
[SourceQuality "1"]
[TimeControl "5400+30"]

1. e4 c5 2. Nf3 e6 3. c3 Nf6 4. Bd3 Nc6 5. O-O Be7 6. Bc2 Qc7 7. Re1 b6 8. d4 cxd4 9. cxd4 Nb4 10. Ba4 Ba6 11. Nc3 O-O 12. e5 Nfd5 13. Nxd5 Nxd5 14. Bg5 Bxg5 15. Nxg5 f6 16. Rc1 Qd8 17. Ne4 Qe7 18. Bb3 Bb7 19. exf6 Nxf6 20. Nc3 Qf7 21. Qd3 Nh5 22. Qe3 Nf4 23. Ne4 Qg6 0-1

[Event "1st South American-ch 2023"]
[Site "Lima"]
[Date "2023.09.17"]
[Round "4.7"]
[White "Minaya Mundines, Pietro Gerardo"]
[Black "Vasquez Vargas, Henry Richard"]
[Result "0-1"]
[Annotator "RC"]
[ECO "A16"]
[WhiteElo "1584"]
[BlackElo "2124"]
[PlyCount "98"]
[EventDate "2023.09.17"]
[EventType "swiss"]
[EventCountry "PER"]
[SourceTitle "playchess.com"]
[Source "ChessBase"]
[SourceQuality "1"]
[TimeControl "5400+30"]

1. Nf3 Nf6 2. c4 g6 3. Nc3 d5 4. cxd5 Nxd5 5. e4 Nb6 6. h3 c5 7. d4 cxd4 8. Qxd4 Qxd4 9. Nxd4 a6 10. Be3 Bg7 11. Be2 O-O 12. O-O-O e6 13. Nxe6 Bxe6 14. Bxb6 Bxc3 15. bxc3 Bxa2 16. f4 Bb3 17. Rd2 Ba4 18. Bg4 Bc6 19. Re1 h5 20. Bd1 Nd7 21. Bd4 Rfe8 22. Rde2 Bb5 23. Re3 Rac8 24. g4 h4 25. e5 Nc5 26. Bxc5 Rxc5 27. f5 Bc4 28. e6 Kg7 29. f6+ Kxf6 30. Rf3+ Kg7 31. Rxf7+ Kh6 32. Bc2 Bxe6 33. Rf6 Bf7 34. Ref1 Rxc3 35. Rxf7 Re2 36. Rxb7 Rcxc2+ 37. Kb1 Rc5 38. Rbf7 Re4 39. R7f3 Rb4+ 40. Ka2 Ra5+ 41. Ra3 Rxa3+ 42. Kxa3 a5 43. Rf3 Rb1 44. Ka4 Rg1 45. Rf2 Rg3 46. Rh2 Kg5 47. Kxa5 Kf4 48. Kb4 Rf3 49. Rh1 Kg3 0-1